Map: Redshift LE

Players

Neeb

  • Race: Protoss Protoss
  • Spawn Location: 11:00

Nice - Winner!

  • Race: Protoss Protoss
  • Spawn Location: 7:00

Event: WCS Austin 2018

VOD

Have the link to the VOD?

Description

Time

  • Played on: June 1, 2018, 9:48 p.m.
  • Length: 7:51

All games in this series

Show
View Real Time Build Order
Export as new Build Order

Neeb Protoss 

Build Orders:  

Get SALT Encoding   

  12  0:02  Probe  
  13  0:14  Probe  
  13  0:18  Pylon  
  14  0:25  Probe  
  15  0:33  Probe  
  15  0:38  Gateway  
  15  0:41  Probe  
  16  0:47  Assimilator  
  17  0:52  Probe  
  18  0:57  Assimilator  
  18  1:01  Probe  
  18  1:09  Gateway, Probe  
  20  1:19  Probe  
  20  1:25  Cybernetics Core  
  21  1:31  Probe  
  22  1:37  Pylon  
  22  1:43  Probe  
  23  1:55  Probe  
  24  2:03  Stalker x2  
  24  2:04  Warp Gate  
  24  2:07  Probe  
  29  2:14  Pylon  
  29  2:20  Probe  
  30  2:24  Shield Battery  
  30  2:33  Stalker x2  
  34  3:03  Stalker  
  38  3:09  Nexus  
  38  3:12  Stalker  
  38  3:22  Probe  
  38  3:26  Pylon  
  39  3:30  Shield Battery  
  39  3:35  Shield Battery  
  39  3:44  Probe  
  39  3:46  Pylon  
  40  3:59  Probe  
  41  4:08  Probe  
  39  4:10  Twilight Council  
  39  4:13  Sentry x2  
  39  4:16  Probe  
  44  4:17  Blink  
  44  4:23  Probe  
  46  4:25  Probe  
  47  4:34  Probe  
  47  4:36  Probe  
  49  4:42  Probe  
  49  4:44  Probe  
  49  4:50  Probe  
  51  4:55  Probe, Nexus  
  53  5:01  Probe  
  53  5:05  Stalker  
  55  5:07  Probe  
  55  5:10  Pylon  
  55  5:13  Stalker  
  58  5:14  Probe  
  58  5:19  Probe  
  60  5:23  Forge  
  60  5:26  Probe  
  61  5:31  Stalker, Probe  
  64  5:37  Pylon  
  64  5:38  Probe  
  63  5:43  Probe  
  63  5:47  Gateway  
  63  5:49  Gateway  
  64  5:50  Probe  
  64  5:53  Protoss Ground Weapons Level 1  
  64  5:54  Pylon  
  66  5:59  Stalker  
  68  6:07  Gateway  
  68  6:10  Stalker  
  66  6:15  Gateway  
  64  6:24  Probe x3  
  65  6:31  Assimilator, Sentry  
  65  6:32  Assimilator  
  66  6:36  Probe  
  66  6:38  Pylon, Probe  
  68  6:43  Shield Battery  
  68  6:45  Shield Battery  
  68  6:46  Sentry x2  
  73  6:48  Probe  
  73  6:58  Gateway  
  73  7:03  Stalker  
  73  7:04  Stalker x2  
  79  7:14  Templar Archives  
  79  7:29  Stalker x3  
  73  7:36  Stalker x2  
Show
View Real Time Build Order
Export as new Build Order

Nice Protoss - Winner!

Build Orders: Phoenix Opening 

Get SALT Encoding   

  12  0:00  Probe  
  13  0:12  Probe  
  14  0:17  Pylon  
  14  0:23  Probe  
  15  0:31  Probe  
  15  0:37  Gateway  
  15  0:40  Probe  
  16  0:47  Assimilator  
  17  0:51  Probe  
  17  0:54  Assimilator  
  18  1:03  Probe  
  19  1:08  Gateway  
  19  1:15  Probe  
  20  1:24  Cybernetics Core  
  20  1:27  Probe  
  20  1:32  Pylon  
  22  1:40  Probe  
  22  1:52  Probe  
  22  1:54  Stalker x2  
  27  2:01  Warp Gate  
  27  2:08  Pylon  
  27  2:19  Probe  
  27  2:22  Adept  
  28  2:24  Adept  
  32  2:35  Stargate  
  32  3:02  Nexus  
  31  3:19  Stalker x2, Phoenix  
  38  3:33  Shield Battery  
  37  3:44  Pylon  
  35  3:58  Phoenix  
  37  4:05  Pylon  
  33  4:11  Probe  
  34  4:17  Probe  
  34  4:23  Probe  
  38  4:26  Robotics Facility  
  38  4:29  Probe  
  39  4:33  Oracle, Probe  
  41  4:41  Probe x2  
  42  4:51  Probe  
  43  4:54  Twilight Council, Probe  
  45  5:00  Oracle  
  45  5:03  Probe  
  45  5:06  Probe  
  50  5:15  Probe  
  50  5:18  Probe  
  52  5:22  Immortal  
  52  5:25  Charge, Pylon  
  52  5:28  Probe  
  57  5:36  Gateway  
  57  5:39  Gateway  
  57  5:53  Gateway  
  57  5:54  Gateway  
  57  6:01  Gateway  
  57  6:02  Warp Prism  
  57  6:07  Gateway  
  59  6:30  Zealot x2  
  63  6:39  Observer  
  63  6:41  Gateway  
  63  6:44  Zealot x2, Gateway  
  68  6:48  Sentry  
  68  6:50  Pylon  
  68  6:52  Pylon  
  68  6:53  Pylon  
  70  6:59  Pylon  
  70  7:09  Zealot x4  
  70  7:10  Zealot x3  
  70  7:12  Zealot  
  83  7:35  Zealot x6  
  83  7:36  Zealot  
Tags
 
Add a new tag
Caveats
  • Supply blocks, unpowered buildings, or Contaminate may cause inaccurate times.
  • Supply counts are checked every 10 seconds.